cohdb
Replays
Latest Replays
All Replays
Popular Replays
Top Player Replays
Match Explorer
How It Works
Community
CoH3 Stats
Reddit
Sign in to upload your games and track your stats! →
Sign in with Steam
Match 40941239
Unlisted
Match 40941239
Overview
Messages
Build Orders
End
Construct Infanterie Kompanie
Selects Terror Battlegroup
Selects Machine Gun Camouflage
MG 42 Machine Gun Team
Grenadier Squad
GrW 34 Mortar Team
Grenadier Squad
Infanterie Officer Quarters
Grenadier Squad
Grenadier Squad
Construct Panzergrenadier Kompanie
Selects Contempt for the Weak
Pak 40 Anti-tank Gun Team
MG 42 Machine Gun Team
Construct Panzer Kompanie
Selects Jericho Trumpet
Jericho Trumpet
Stoßtruppen Squad
Jericho Trumpet
Phan
SoldMyDad
cumsader
ShoulderGuy
Not Emily Willis™
Just Another French Alt
0
0
Comments
sign in to comment!
No comments posted yet!